 Dungeon Sprint DCSS version 0.14.2 (webtiles) character file.

26742 Theye the Executioner (level 13, -36/195 HPs)
             Began as a Deep Dwarf Fighter on Oct 7, 2016.
             Was the Champion of Makhleb.
             Killed from afar by a Hell Sentinel (66 damage)
             ... with an iron shot
             ... in the Dungeon (Sprint V: "Ziggurat Sprint").
             The game lasted 00:06:28 (791 turns).

Theye the Executioner (Deep Dwarf Fighter)           Turns: 791, Time: 00:06:28

HP -36/195       AC 35     Str 35      XL: 13   Next:  0%
MP   8/18        EV 17     Int 12      God: Makhleb [******]
Gold 0           SH 63     Dex 29      Spells:  0 memorised, 15 levels left

rFire  + . .     SeeInvis +     M - +12,+15 obsidian axe {chop, +Fly Str+3 SInv Curse}
rCold  + . .     Clarity  .     q - +9 gold dragon armour
rNeg   + . .     Conserve .     O - +27 shield of the gong {rElec rN+ MR+ EV-5}
rPois  +         rCorr    .     (no helmet)
rElec  +         rRot     .     b - +2 cloak of the Thief {+Fog Dam-3 SInv Stlth++}
SustAb . .       Spirit   .     c - +2 pair of gloves {Dex+3}
rMut   +         Warding  .     (no boots)
Saprov . . .     NoTele   +     P - amulet "Illezaer" {rMut Dex+5 Int+3}
MR     ++...                    S - ring of Shaolin {EV+8}
                                F - +6 ring of strength

@: mesmerised, non-regenerating, mighty, agile, berserking (expiring), lethally
poisoned, slowed, very resistant to hostile enchantments, extremely unstealthy
A: damage resistance, recharge devices, sense surroundings 2, slow healing 3
a: Device Recharging, Minor Destruction, Lesser Servant of Makhleb, Major
Destruction, Greater Servant of Makhleb, Renounce Religion, Evoke Fog, Evoke
Flight


You were in the Dungeon.
You worshipped Makhleb.
Makhleb was exalted by your worship.
You were not hungry.

You visited 1 branch

Inventory:

Hand weapons
 a - a +0,+0 long sword
 M - the +12,+15 obsidian axe (weapon) {chop, +Fly Str+3 SInv Curse}
   (You found it in the Dungeon)

   It inflicts extra damage upon your enemies.
   It affects your strength (+3).
   It enhances your eyesight.
   It lets you fly.
   It may recurse itself when equipped.
 T - the +10,+4 cutlass of Execution {venom, rN+ Stlth-}
   (You found it in the Dungeon)

   It poisons the flesh of those it strikes.
   It protects you from negative energy.
   It makes you much less stealthy.
Armour
 b - the +2 cloak of the Thief (worn) {+Fog Dam-3 SInv Stlth++}
   (You found it in the Dungeon)

   It affects your damage with ranged weapons and melee attacks (-3).
   It enhances your eyesight.
   It can be evoked to emit clouds of fog.
   It makes you much more stealthy.
 c - a +2 pair of gloves of dexterity (worn)
 q - a +9 gold dragon armour (worn)
 N - the +15 Maxwell's patent armour {rCorr, Cons, -Cast -Tele MR+}
   (You found it in the Dungeon)

   It affects your resistance to hostile enchantments.
   It prevents spellcasting.
   It prevents most forms of teleportation.
 O - the +27 shield of the gong (worn) {rElec rN+ MR+ EV-5}
   (You found it in the Dungeon)

   It affects your evasion (-5).
   It insulates you from electricity.
   It protects you from negative energy.
   It affects your resistance to hostile enchantments.
Magical devices
 d - a wand of heal wounds (3)
 H - a wand of disintegration (7)
 I - a wand of fire (5)
 J - a wand of cold (5)
 K - a wand of draining (5)
Comestibles
 f - 5 bread rations
 z - 42 strawberries
 A - 3 meat rations
Scrolls
 l - 3 scrolls of blinking
 s - 4 scrolls of amnesia
 t - 2 scrolls of recharging
 u - 6 scrolls of fog
 v - a scroll of holy word
 w - 5 scrolls of identify
 x - 2 scrolls of remove curse
 y - 2 scrolls of fear
 Q - a scroll of brand weapon
Jewellery
 B - a +6 ring of dexterity
 C - a +6 ring of dexterity
 D - a +6 ring of intelligence
 E - a +6 ring of intelligence
 F - a +6 ring of strength (left hand)
 G - a +6 ring of strength
 P - the amulet "Illezaer" (around neck) {rMut Dex+5 Int+3}
   (You found it in the Dungeon)

   [amulet of resist mutation]

   It affects your intelligence (+3).
   It affects your dexterity (+5).
 S - the ring of Shaolin (right hand) {EV+8}
   (You found it in the Dungeon)

   [ring of evasion]

   It affects your evasion (+8).
 U - the amulet "Pemus" {Spirit rF+ rN+}
   (You found it in the Dungeon)

   [amulet of guardian spirit]

   It protects you from fire.
   It protects you from negative energy.
 V - the ring of Shrauh {rF+ Str+3}
   (You found it in the Dungeon)

   [ring of strength]

   It affects your strength (+3).
   It protects you from fire.
Potions
 e - 4 potions of might
 g - 8 potions of curing
 h - 7 potions of heal wounds
 i - 7 potions of haste
 j - 7 potions of magic
 k - 2 potions of berserk rage
 m - 2 potions of brilliance
 n - a potion of invisibility
 o - 2 potions of restore abilities
 p - 4 potions of resistance
 r - 4 potions of agility
Books
 L - a tome of Destruction
Miscellaneous
 R - a plain deck of changes


   Skills:
 + Level 12.5 Fighting
 - Level 2.8 Long Blades
 * Level 24.2 Axes
 - Level 1.9 Throwing
 + Level 12.9 Armour
 + Level 7.0 Dodging
 - Level 2.4 Stealth
 + Level 17.6 Shields
 - Level 1.4 Unarmed Combat
 - Level 1.5 Spellcasting
 - Level 2.6 Evocations


You had 15 spell levels left.
You didn't know any spells.

Dungeon Overview and Level Annotations

Branches:
Dungeon (1/1)

Altars:
Ashenzari
Cheibriados
Dithmenos
Elyvilon
Fedhas
Kikubaaqudgha
Makhleb
Nemelex Xobeh
Okawaru
Sif Muna
Trog
Vehumet
Xom
Yredelemnul
Zin
The Shining One
Beogh
Jiyva
Lugonu


Innate Abilities, Weirdness & Mutations

You are resistant to damage.
You can recharge devices by infusing magical energy.
You passively map the area around you.
You do not heal naturally.


Message History

You slice the anaconda!!
You break out of your daze!
You kill the anaconda!
The anaconda's corpse disappears in a puff of smoke!
You open the monstrous chaos champion like a pillowcase!!!
The monstrous chaos champion is moderately wounded.
You hit Qohuocus but do no damage.
Qohuocus is lightly wounded.
You hit the Hell Sentinel but do no damage.
The Hell Sentinel is moderately wounded.
Visions of slaying the monstrous chaos champion flood into your mind.
Your sun demon misses the pale draconian scorcher.
The guardian serpent gestures with its tail.
The torturous corrupter blinks!
You block Qohuocus' attack.
PANG!
You block the orange demon's attack.
GONNNNG!
The Hell Sentinel gestures at you. The iron shot hits you!
You die...

* * *▓▓▓▓▓▓▓▓▓▓▓▓▓▓▓▓▓▓▓▓▓▓▓
,
,*,...8©8....▓▓.8©8.▓.8©8.▓.8
,*..).[:)=:..▓▓.[.=.▓.))3.▓..
, ,
▓..)[[:||=..▓▓..3..▓.....▓..
,▓........3d.▓▓.....▓.))..▓.)
▓.........63▓▓.....▓.....▓..
, ,
▓.......§26@▓▓.....▓.....▓..
,
▓.......S4&1▓▓.....▓.....▓▓▓
,▓........S33▓▓▓▓▓▓▓▓▓▓▓▓▓▓▓▓
,
▓..▓.....▓.3▓..8©8...▓..8©8)
,***
▓...........▓..::[...▓.)..3.
*
▓...........▓...33...▓...)..
,,
▓▓▓▓▓▓▓▓▓▓▓▓▓..%4....▓...)..
,▓....8©8....▓........▓...)..
** *
▓...|3:[)[..▓.▓....▓.▓.▓....


You could see Qohuocus, a Hell Sentinel, a monstrous chaos champion, a torturous
corrupter, a pale draconian scorcher, a reaper, an anaconda, 2 ice devils, a sun
demon, an orange demon, a guardian serpent, a neqoxec and a friendly sun demon.

Vanquished Creatures
  A pandemonium lord (D)
  A deep elf master archer (D)
  A black sun (D)
  A blizzard demon (D)
  6 vault guards (D)
  2 yaktaur captains (D)
  An anaconda (D)
  2 deep elf knights (D)
  An unseen horror (shapeshifter) (D)
  A soul eater (D)
  A deep elf conjurer (D)
  A moth of wrath (D)
  A shining eye (D)
  An octopode (shapeshifter) (D)
  A spiny frog (shapeshifter) (D)
  2 black mambas (shapeshifter) (D)
  A naga mage (D)
  4 yaktaurs (D)
  A komodo dragon (D)
  A hellwing (D)
  2 deep elf priests (D)
  A polar bear (shapeshifter) (D)
  A grizzly bear (D)
  A spriggan (shapeshifter) (D)
  2 spriggans (D)
  2 ugly things (D)
  2 yaks (D)
  A chaos spawn (D)
  A deep elf mage (D)
  A deep elf fighter (D)
  A hippogriff (shapeshifter) (D)
  A neqoxec (D)
  A naga (D)
  3 wolves (D)
  2 water moccasins (D)
  5 orc warriors (D)
  2 black bears (D)
  2 porcupines (D)
  A boring beetle (D)
  3 centaurs (D)
  A giant slug (D)
  3 giant frogs (D)
  An eye of draining (D)
  A jelly (D)
  2 orc priests (D)
  An iguana (D)
  A sheep (shapeshifter) (D)
  An orc wizard (D)
  An adder (D)
  5 green rats (D)
  A giant gecko (D)
  An ooze (D)
  5 orcs (D)
  3 ball pythons (D)
  A bat (D)
  A rat (D)
95 creatures vanquished.

Vanquished Creatures (collateral kills)
  A deep elf blademaster (D)
  A stone giant (D)
  A cyclops (shapeshifter) (D)
  A harpy (shapeshifter) (D)
  A smoke demon (D)
  2 yaktaurs (D)
  A slime creature (D)
  2 ugly things (D)
  A fungus (D)
11 creatures vanquished.

Vanquished Creatures (others)
  A deep elf high priest (D)
  A blue devil (D)
  A chaos spawn (D)
3 creatures vanquished.

Grand Total: 109 creatures vanquished

Notes
Turn   | Place    | Note
--------------------------------------------------------------
     0 | D        | Theye, the Deep Dwarf Fighter, began the quest for the Orb.
     0 | D        | Reached XP level 1. HP: 20/20 MP: 1/1
     1 | D        | Found an ancient bone altar of Kikubaaqudgha.
     3 | D        | Found a basalt altar of Yredelemnul.
     4 | D        | Found an iron altar of Okawaru.
     8 | D        | Found a radiant altar of Vehumet.
     9 | D        | Found a shimmering altar of Xom.
    11 | D        | Found a burning altar of Makhleb.
    12 | D        | Found a white marble altar of Elyvilon.
    14 | D        | Found a sparkling altar of Nemelex Xobeh.
    14 | D        | Found a deep blue altar of Sif Muna.
    18 | D        | Found a bloodstained altar of Trog.
    65 | D        | Reached skill level 1 in Axes
    65 | D        | Reached skill level 1 in Throwing
    65 | D        | Reached skill level 4 in Armour
    65 | D        | Reached skill level 1 in Unarmed Combat
    65 | D        | Reached skill level 1 in Spellcasting
    65 | D        | Reached XP level 2. HP: 26/28 MP: 1/3
    67 | D        | Became a worshipper of Makhleb the Destroyer
    90 | D        | Entered arena 1.
    90 | D        | Noticed a centaur
    90 | D        | Noticed a yaktaur
    94 | D        | Killed a centaur
    94 | D        | Reached skill level 5 in Armour
    94 | D        | Reached skill level 5 in Shields
    94 | D        | Reached XP level 3. HP: 31/37 MP: 5/5
    94 | D        | Reached XP level 4. HP: 37/45 MP: 6/6
    95 | D        | Killed a yaktaur
    95 | D        | Reached skill level 6 in Fighting
    95 | D        | Reached skill level 7 in Armour
    95 | D        | Reached skill level 8 in Shields
    95 | D        | Reached XP level 5. HP: 42/56 MP: 7/7
    95 | D        | Reached XP level 6. HP: 47/63 MP: 9/9
   387 | D        | Entered arena 2.
   387 | D        | Noticed a deep elf priest
   387 | D        | Noticed a deep elf fighter
   387 | D        | Noticed a deep elf mage
   392 | D        | Killed a deep elf fighter
   392 | D        | Acquired Makhleb's first power
   393 | D        | Killed a deep elf priest
   393 | D        | Reached skill level 9 in Shields
   393 | D        | Reached XP level 7. HP: 34/72 MP: 10/10
   397 | D        | Killed a deep elf mage
   405 | D        | Entered arena 3.
   405 | D        | Noticed an eye of draining
   405 | D        | Noticed a jelly
   405 | D        | Noticed a slime creature
   409 | D        | Killed a jelly
   409 | D        | Acquired Makhleb's second power
   413 | D        | Killed an eye of draining
   413 | D        | Killed a slime creature
   413 | D        | Reached skill level 10 in Shields
   413 | D        | Reached XP level 8. HP: 78/81 MP: 0/11
   418 | D        | Entered arena 4.
   418 | D        | Noticed a porcupine
   418 | D        | Noticed a green ugly thing
   418 | D        | Noticed a purple ugly thing
   418 | D        | Noticed a white ugly thing
   418 | D        | a porcupine changed into a sheep
   424 | D        | Killed a green ugly thing
   424 | D        | Acquired Makhleb's third power
   424 | D        | Reached skill level 10 in Armour
   424 | D        | Killed a purple ugly thing
   426 | D        | Killed a white ugly thing
   426 | D        | Reached skill level 11 in Shields
   430 | D        | Entered arena 5.
   430 | D        | Noticed a centaur
   430 | D        | Noticed a centaur
   430 | D        | Noticed a yaktaur
   430 | D        | Noticed a yaktaur
   430 | D        | Noticed a yaktaur
   435 | D        | Killed a centaur
   435 | D        | Acquired Makhleb's fourth power
   436 | D        | Killed a yaktaur
   436 | D        | Reached skill level 10 in Axes
   440 | D        | Killed a yaktaur
   440 | D        | Gained mutation: You passively map the area around you. [level up]
   440 | D        | Reached XP level 9. HP: 91/91 MP: 3/13
   442 | D        | Killed a centaur
   443 | D        | Killed a yaktaur
   448 | D        | Entered arena 6.
   448 | D        | Noticed an orc warrior
   448 | D        | Noticed an orc warrior
   448 | D        | Noticed an orc priest
   448 | D        | Noticed an orc warrior
   452 | D        | Acquired Makhleb's fifth power
   453 | D        | Killed an orc warrior
   453 | D        | Reached skill level 12 in Shields
   454 | D        | Killed an orc warrior
   454 | D        | Identified a +5 rod of clouds (6/12)
   457 | D        | Killed an orc warrior
   460 | D        | Killed an orc priest
   492 | D        | Entered arena 7.
   492 | D        | Noticed a naga mage
   492 | D        | Noticed a naga
   500 | D        | Killed a naga mage
   504 | D        | Killed a naga
   510 | D        | Got the amulet "Illezaer" {rMut Dex+5 Int+3}
   515 | D        | Entered arena 8.
   515 | D        | Noticed an orc warrior
   515 | D        | Noticed an orc wizard
   515 | D        | Noticed an orc priest
   515 | D        | Noticed an orc warrior
   522 | D        | Killed an orc priest
   523 | D        | Killed an orc wizard
   524 | D        | Killed an orc warrior
   529 | D        | Killed an orc warrior
   535 | D        | Entered arena 9.
   535 | D        | Noticed a grizzly bear
   535 | D        | Noticed a black bear
   535 | D        | Noticed a black bear
   535 | D        | Noticed a wolf
   535 | D        | Noticed a wolf
   535 | D        | Noticed a spriggan
   535 | D        | Noticed a spriggan
   535 | D        | Noticed a wolf
   538 | D        | Killed a wolf
   539 | D        | Killed a wolf
   539 | D        | Reached skill level 13 in Axes
   544 | D        | Killed a wolf
   545 | D        | Killed a spriggan
   545 | D        | Reached skill level 10 in Fighting
   545 | D        | Killed a black bear
   547 | D        | Killed a black bear
   547 | D        | Killed a spriggan
   547 | D        | Reached skill level 14 in Axes
   547 | D        | Reached XP level 10. HP: 102/102 MP: 14/14
   556 | D        | Killed a grizzly bear
   569 | D        | Entered arena 10.
   569 | D        | Noticed a yak
   569 | D        | Noticed a porcupine
   569 | D        | Noticed a porcupine
   569 | D        | Noticed an iguana
   569 | D        | Noticed a giant frog
   569 | D        | Noticed a giant frog
   572 | D        | Killed a giant frog
   573 | D        | Killed a giant frog
   574 | D        | Killed a porcupine
   575 | D        | Killed a porcupine
   576 | D        | Killed an iguana
   577 | D        | Killed a yak
   588 | D        | Entered arena 11.
   588 | D        | Noticed a deep elf knight
   588 | D        | Noticed a deep elf blademaster
   588 | D        | Noticed a deep elf high priest
   588 | D        | Noticed a deep elf conjurer
   588 | D        | Noticed a deep elf priest
   588 | D        | Noticed a deep elf master archer
   589 | D        | Noticed a deep elf knight
   594 | D        | Killed a deep elf conjurer
   594 | D        | Reached skill level 15 in Axes
   596 | D        | Killed a deep elf priest
   597 | D        | Killed a deep elf knight
   599 | D        | Killed a deep elf blademaster
   599 | D        | Reached skill level 16 in Axes
   599 | D        | Reached skill level 5 in Dodging
   601 | D        | Killed a deep elf high priest
   601 | D        | Reached XP level 11. HP: 68/110 MP: 15/15
   603 | D        | Killed a deep elf master archer
   603 | D        | Reached skill level 17 in Axes
   603 | D        | Reached skill level 15 in Shields
   605 | D        | Killed a deep elf knight
   621 | D        | Entered arena 12.
   621 | D        | Noticed a yaktaur captain
   621 | D        | Noticed a yaktaur captain
   621 | D        | Noticed a yaktaur
   621 | D        | Noticed a vault guard
   621 | D        | Noticed a yaktaur
   621 | D        | Noticed a vault guard
   621 | D        | Noticed a vault guard
   621 | D        | Noticed a stone giant
   622 | D        | Noticed a vault guard
   622 | D        | Noticed a vault guard
   622 | D        | Noticed a vault guard
   628 | D        | Killed a vault guard
   628 | D        | Reached skill level 18 in Axes
   629 | D        | Killed a vault guard
   632 | D        | Killed a vault guard
   632 | D        | Reached skill level 19 in Axes
   634 | D        | Killed a vault guard
   634 | D        | Reached skill level 20 in Axes
   634 | D        | Killed a yaktaur captain
   635 | D        | Killed a yaktaur captain
   635 | D        | Killed a yaktaur
   636 | D        | Killed a stone giant
   636 | D        | Reached skill level 21 in Axes
   642 | D        | Killed a vault guard
   642 | D        | Reached XP level 12. HP: 117/121 MP: 17/17
   645 | D        | Killed a yaktaur
   648 | D        | Killed a vault guard
   659 | D        | Got the amulet "Pemus" {Spirit rF+ rN+}
   690 | D        | Got the +10,+4 cutlass of Execution {venom, rN+ Stlth-}
   694 | D        | Entered arena 13.
   694 | D        | Noticed a water moccasin
   694 | D        | Noticed a boring beetle
   694 | D        | Noticed a water moccasin
   695 | D        | Noticed a komodo dragon
   695 | D        | Noticed a yak
   696 | D        | Noticed a giant frog
   696 | D        | Noticed a giant slug
   701 | D        | Killed a water moccasin
   701 | D        | Killed a water moccasin
   702 | D        | Killed a komodo dragon
   704 | D        | Killed a yak
   707 | D        | Killed a boring beetle
   708 | D        | Killed a giant frog
   708 | D        | Killed a giant slug
   724 | D        | Entered arena 14.
   724 | D        | Noticed an unseen horror
   724 | D        | Noticed a spriggan
   724 | D        | Noticed a polar bear
   725 | D        | Noticed a cyclops
   725 | D        | Noticed a black mamba
   725 | D        | Noticed a shining eye
   725 | D        | Noticed a neqoxec
   725 | D        | Noticed a spiny frog
   725 | D        | Noticed a red ugly thing
   725 | D        | Noticed a black mamba
   727 | D        | Noticed a hippogriff
   729 | D        | Killed a spriggan
   729 | D        | Killed a spiny frog
   729 | D        | Reached skill level 22 in Axes
   730 | D        | Killed a black mamba
   732 | D        | Killed a black mamba
   732 | D        | Killed an unseen horror
   733 | D        | Killed a polar bear
   735 | D        | Killed a red ugly thing
   735 | D        | Killed a hippogriff
   738 | D        | Killed a neqoxec
   738 | D        | Killed a cyclops
   740 | D        | Killed a shining eye
   749 | D        | Got the ring of Shrauh {rF+ Str+3}
   763 | D        | Entered arena 15.
   763 | D        | Noticed a soul eater
   763 | D        | Noticed an ice devil
   763 | D        | Noticed a reaper
   764 | D        | Noticed Qohuocus the pandemonium lord
   764 | D        | Noticed a monstrous chaos champion
   764 | D        | Noticed an ice devil
   764 | D        | Noticed an orange demon
   764 | D        | Noticed a blizzard demon
   764 | D        | Noticed a chaos spawn
   764 | D        | Noticed a monstrous black sun
   765 | D        | Noticed Gussou the pandemonium lord
   765 | D        | Noticed a Hell Sentinel
   765 | D        | Noticed a hellwing
   765 | D        | Noticed a torturous corrupter
   766 | D        | Noticed a deep elf death mage
   771 | D        | Killed a chaos spawn
   771 | D        | Reached skill level 23 in Axes
   774 | D        | Killed a soul eater
   775 | D        | Noticed a sphinx
   776 | D        | Noticed a war gargoyle
   776 | D        | Noticed a war gargoyle
   779 | D        | Noticed a pale draconian scorcher
   784 | D        | Noticed an anaconda
   784 | D        | Noticed an anaconda
   784 | D        | Killed a blizzard demon
   784 | D        | Killed Gussou the pandemonium lord
   788 | D        | Killed a hellwing
   788 | D        | Reached skill level 24 in Axes
   789 | D        | HP: 8/184 [pale draconian scorcher/burst of hellfire[a torturous corrupter] (17)]
   790 | D        | Killed a monstrous black sun
   790 | D        | Reached XP level 13. HP: 30/130 MP: 7/18
   791 | D        | Killed an anaconda
   791 | D        | Killed from afar by a Hell Sentinel

Action                   |  1- 3 |  4- 6 |  7- 9 | 10-12 | 13-15 || total
-------------------------+-------+-------+-------+-------+-------++-------
Melee: Broad axe         |     2 |     4 |    59 |    88 |     1 ||   154
Evoke: Wand              |       |       |     2 |       |       ||     2
       tome              |       |       |     1 |       |       ||     1
  Use: Potion            |     2 |     1 |       |     7 |       ||    10
       Scroll            |       |       |       |     6 |       ||     6
 Stab: Invisible         |       |     1 |     6 |       |       ||     7
       Confused          |       |       |     1 |       |       ||     1
       Fleeing           |       |       |       |     1 |       ||     1
       Distracted        |       |       |       |     3 |       ||     3
